 Dungeon Crawl Stone Soup version 0.23.2 (webtiles) character file.

Game seed: 18119341225892253976

12089 Kairos the Cruncher (level 12, -2/94 HPs)
             Began as a Formicid Abyssal Knight on Apr 9, 2019.
             Was a High Priest of Lugonu.
             Killed from afar by an electric eel (11 damage)
             ... with a bolt of electricity
             ... on level 9 of the Dungeon.
             The game lasted 00:20:50 (10955 turns).

Kairos the Cruncher (Formicid Abyssal Knight)      Turns: 10955, Time: 00:20:51

Health: -2/94      AC: 13    Str: 23    XL:     12   Next: 15%
Magic:  14/17      EV: 10    Int: 11    God:    Lugonu [*****.]
Gold:   383        SH: 12    Dex: 18    Spells: 15/17 levels left

rFire    . . .     SeeInvis +   x - +1 lajatang
rCold    . . .     Gourm    .   e - +0 shield
rNeg     . . .     Faith    .   i - +1 chain mail {MR+}
rPois    .         Spirit   .   (helmet unavailable)
rElec    .         Reflect  .   (no cloak)
rCorr    .         Harm     .   (no gloves)
MR       ++...                  t - +0 pair of boots
Stlth    ..........             l - amulet of regeneration
HPRegen  0.65/turn              k - +3 ring of dexterity
MPRegen  0.15/turn              v - +5 ring of dexterity

@: no status effects
A: permanent stasis, dig shafts and tunnels, four strong arms, antennae 3
a: Dig, Shaft Self, Depart the Abyss, Bend Space, Banish, Corrupt, Enter the
Abyss, Renounce Religion


You were on level 9 of the Dungeon.
You worshipped Lugonu.
Lugonu was extremely pleased with you.
You were very hungry.

You visited 1 branch of the dungeon, and saw 9 of its levels.
You visited the Abyss 1 time.
You also visited: Sewer.

You collected 513 gold pieces.
You spent 130 gold pieces at shops.

Inventory:

Hand Weapons
 a - a +4 spear
 w - a +1 spear of venom
 x - a +1 lajatang (weapon)
 B - a +0 blowgun
Missiles
 o - 33 poisoned needles
Armour
 e - a +0 shield (worn)
 i - a +1 chain mail of magic resistance (worn)
 t - a +0 pair of boots (worn)
Jewellery
 k - a +3 ring of dexterity (left hand)
 l - an amulet of regeneration (around neck)
 v - a +5 ring of dexterity (right hand)
 G - a +2 ring of intelligence
 J - an uncursed ring of ice
Wands
 b - a wand of acid (7)
 m - a wand of iceblast (8)
 s - a wand of polymorph (2)
 u - a wand of digging (3)
 y - a wand of scattershot (8)
 F - a wand of paralysis (5)
Scrolls
 f - 2 scrolls of amnesia
 h - 2 scrolls of remove curse
 j - a scroll of fog
 C - a scroll of enchant armour
 E - a scroll of identify
 H - a scroll of magic mapping
Potions
 d - 8 potions of curing
 g - 5 potions of heal wounds
 n - 2 potions of agility
 p - 2 potions of might
 q - 2 potions of cancellation
 r - 4 potions of flight
 z - 6 potions of brilliance
 A - 2 potions of magic
 I - a potion of lignification
Comestibles
 c - 16 rations


   Skills:
 + Level 8.4 Fighting
 + Level 7.2(9.6) Polearms
 + Level 9.8(10.7) Staves
 + Level 8.3 Armour
 + Level 3.7 Dodging
 + Level 4.3 Stealth
 + Level 8.2 Shields
 + Level 3.0 Unarmed Combat
 + Level 3.4 Spellcasting
 + Level 3.6 Hexes
 + Level 4.6 Invocations
 + Level 3.2 Evocations


You had 15 spell levels left.
You knew the following spells:

 Your Spells              Type           Power        Failure   Level  Hunger
a - Confusing Touch       Hex            #.....       38%         1    #......
b - Apportation           Tloc           #.....       88%         1    #......

Your spell library contained the following spells:

 Spells                   Type           Power        Failure   Level  Hunger
 Animate Skeleton         Necr           N/A          88%         1    #......
 Summon Small Mammal      Summ           #...         88%         1    #......


Dungeon Overview and Level Annotations

Branches:
Dungeon (9/15)             Temple (0/1) D:5            Lair (0/6) D:9
    Orc: D:9-12

Altars:
Cheibriados
Dithmenos
Gozag
Zin
The Shining One

Shops:
D:4 (   D:5 !   D:6 (

Annotations:
D:3 1 runed translucent door
D:8 2 transporters, Tramtrist's ghost, novice GrFi


Innate Abilities, Weirdness & Mutations

You cannot be hasted, slowed, berserked, paralysed or teleported.
You can dig through walls and to a lower floor.
Your four strong arms can wield two-handed weapons with a shield.
You have a pair of large antennae on your head. (SInv)


Message History

The electric eel shoots out a bolt of lightning at you!
The bolt of electricity hits you! The wolf bites you but does no damage.
The electric eel shoots out a bolt of lightning at you!
The bolt of electricity hits you but does no damage.
Space bends sharply around you!
You blink.
The electric eel shoots out a bolt of lightning at you!
The bolt of electricity hits you!
* * * LOW HITPOINT WARNING * * *
Found a staircase to the Lair.
Space bends around you!
You blink.
The electric eel shoots out a bolt of lightning at you!
The bolt of electricity hits you.
* * * LOW HITPOINT WARNING * * *
The electric eel shoots out a bolt of lightning at you!
The bolt of electricity hits you.
* * * LOW HITPOINT WARNING * * *
The electric eel shoots out a bolt of lightning at you!
The bolt of electricity hits you!
You die...

###.### #......≈.≈.... #...#
#...≈≈.≈.≈.≈....# ## #.###
#...≈.≈.≈≈.≈..≈.# ..#
#'#######.≈.≈≈≈≈≈.≈≈≈≈≈.######'##
.....?.##...≈≈≈≈≈≈≈≈≈............
######.##≈≈≈.≈≈≈≈≈≈≈≈............
.....#.##≈≈≈≈≈.≈.;[≈≈≈≈.?........
####.### ≈≈≈≈≈≈....≈≈≈......)....
...# ≈≈≈≈≈..@.≈.≈≈...........
.#.# ≈≈≈≈≈.....≈≈≈≈..........
.#.# ≈≈≈≈≈≈..≈.≈≈≈..#######'#
.#.##### .≈≈≈≈≈≈.≈.≈≈≈..# ###.#
.#.....# ..≈≈≈≈...≈≈≈...# #...#
#####'## ..≈≈.≈≈.≈≈≈≈...# ##.###
#.# ....≈≈≈.≈≈≈≈≈..# #..# ##.#
...≈≈≈≈.≈≈≈≈;..####'#### #..#
..≈.≈≈≈.≈.≈≈≈≈.##......#


You could see 2 electric eels.

Vanquished Creatures
  2 two-headed ogres
  Pikel (D:7)
  A deep elf mage (D:8)
  A troll (D:9)
  2 hippogriffs
  Sigmund (D:3)
  A wyvern (D:5)
  13 yaks
  A human (D:8)
  Grum (D:8)
  3 hogs
  A hungry ghost (D:7)
  4 slaves (D:7)
  A hornet zombie (D:8)
  2 orc warriors
  A sky beast (D:7)
  A black bear (D:9)
  An ice beast (D:6)
  A necrophage (D:5)
  4 ogres
  A phantom (D:8)
  5 wolves
  3 centaurs
  3 big kobolds (Sewer)
  Blork the orc (D:3)
  2 bullfrogs
  A wyvern zombie (D:6)
  A gnoll sergeant (D:4)
  A water moccasin skeleton (D:4)
  7 scorpions
  3 howler monkeys
  4 crimson imps
  A bullfrog zombie (D:6)
  A quasit (D:8)
  3 jellies
  A bullfrog skeleton (D:4)
  A centaur skeleton (D:9)
  5 orc priests
  9 hounds
  7 orc wizards
  4 iguanas
  Ijyb (D:4)
  8 worker ants
  4 hound skeletons
  Robin (D:3)
  A howler monkey skeleton (D:8)
  6 adders
  4 gnolls (D:4)
  3 shadow imps
  3 oozes
  An adder skeleton (D:4)
  A worm (D:2)
  8 leopard geckos
  20 orcs
  2 ball pythons (Sewer)
  9 giant cockroaches
  16 goblins
  16 hobgoblins
  7 jackals
  2 quokkas
  7 bats
  3 frilled lizards
  14 kobolds
  A leopard gecko skeleton (D:6)
  A leopard gecko zombie (D:7)
  A quokka skeleton (D:4)
  8 rats
255 creatures vanquished.

Vanquished Creatures (others)
  An adder (D:9)
  A fungus (Sewer)
2 creatures vanquished.

Grand Total: 257 creatures vanquished

Notes
Turn   | Place    | Note
-------+----------+-------------------------------------------
     0 | Abyss:1  | Kairos the Formicid Abyssal Knight began the quest for the
                  | Orb.
     0 | Abyss:1  | Reached XP level 1. HP: 18/18 MP: 2/2
    14 | Abyss:1  | Noticed a quasit
    86 | Abyss:1  | Noticed a small abomination
    97 | D:1      | Escaped the Abyss
   713 | D:1      | Reached skill level 1 in Dodging
   753 | D:1      | Reached * piety under Lugonu
   753 | D:1      | Reached XP level 2. HP: 24/24 MP: 3/3
   996 | D:1      | Reached XP level 3. HP: 26/30 MP: 4/4
  2007 | D:2      | Reached XP level 4. HP: 30/37 MP: 5/5
  2335 | D:3      | Reached ** piety under Lugonu
  2342 | D:3      | Noticed Sigmund
  2343 | D:3      | Noticed Robin
  2418 | D:3      | Killed Sigmund
  2418 | D:3      | Reached skill level 1 in Shields
  2418 | D:3      | Reached XP level 5. HP: 26/42 MP: 6/6
  2418 | D:3      | Reached XP level 6. HP: 29/48 MP: 7/7
  2487 | D:3      | Killed Robin
  2554 | D:3      | Found a glowing silver altar of Zin.
  2562 | D:3      | Found a runed translucent door.
  2562 | D:3      | Noticed an angel
  3288 | D:4      | Reached XP level 7. HP: 51/54 MP: 8/8
  3309 | D:4      | Reached skill level 5 in Polearms
  3331 | D:4      | Noticed Ijyb
  3372 | D:4      | Killed Ijyb
  3375 | D:4      | Found a snail-covered altar of Cheibriados.
  3383 | D:4      | Found a shadowy altar of Dithmenos.
  3427 | D:4      | Noticed Blork the orc
  3482 | D:3      | Killed Blork the orc
  3651 | D:4      | Learned a level 1 spell: Confusing Touch
  3747 | D:4      | Found Soninn's Weapon Shoppe.
  3837 | D:4      | Reached XP level 8. HP: 58/61 MP: 9/9
  4001 | D:4      | Reached skill level 5 in Fighting
  4309 | D:5      | Entered Level 5 of the Dungeon
  4312 | D:5      | Found a staircase to the Ecumenical Temple.
  4376 | D:5      | Found a glowing golden altar of the Shining One.
  4481 | D:5      | Reached skill level 5 in Armour
  4541 | D:5      | Reached *** piety under Lugonu
  4563 | D:5      | Reached skill level 1 in Staves
  4594 | D:5      | Noticed a yak
  4594 | D:5      | Noticed a wyvern
  4629 | D:5      | Killed a wyvern
  4629 | D:5      | Reached skill level 2 in Staves
  4640 | D:5      | Killed a yak
  4640 | D:5      | Reached skill level 3 in Staves
  4640 | D:5      | Reached XP level 9. HP: 24/69 MP: 10/10
  4646 | D:5      | Reached skill level 1 in Stealth
  5257 | D:5      | Found Famumoywu's Distillery.
  5263 | D:5      | Bought a potion of heal wounds for 65 gold pieces
  5542 | D:5      | Bought a potion of heal wounds for 65 gold pieces
  5711 | D:6      | Reached skill level 4 in Staves
  5832 | D:6      | Found a glowing drain.
  5836 | Sewer    | Entered a sewer
  6043 | Sewer    | Reached skill level 5 in Staves
  6043 | Sewer    | Reached skill level 5 in Shields
  6056 | Sewer    | Reached **** piety under Lugonu
  6214 | D:6      | Found Nitixom's Weapon Shop.
  6225 | D:6      | Reached skill level 6 in Staves
  6225 | D:6      | Reached XP level 10. HP: 79/79 MP: 10/15
  6260 | D:6      | You fall through a shaft for 2 floors!
  6283 | D:8      | Noticed Tramtrist's ghost (novice GrFi)
  6291 | D:8      | Noticed a deep elf mage
  6301 | D:8      | Killed a deep elf mage
  6420 | D:8      | Found a transporter.
  6594 | D:8      | Found a transporter.
  6683 | D:7      | Noticed Pikel
  6789 | D:7      | Killed Pikel
  6789 | D:7      | Reached skill level 7 in Staves
  7021 | D:6      | Reached XP level 11. HP: 84/84 MP: 16/16
  8373 | D:8      | Noticed Grum
  8387 | D:8      | Killed Grum
  8751 | D:8      | Noticed a two-headed ogre
  8758 | D:8      | Killed a two-headed ogre
  8762 | D:8      | Reached skill level 8 in Staves
  9103 | D:8      | Reached ***** piety under Lugonu
  9991 | D:9      | Reached skill level 9 in Staves
 10112 | D:9      | Found an opulent altar of Gozag.
 10355 | D:9      | Reached XP level 12. HP: 91/93 MP: 17/17
 10499 | D:9      | Noticed a two-headed ogre
 10502 | D:9      | Learned a level 1 spell: Apportation
 10522 | D:9      | Killed a two-headed ogre
 10952 | D:9      | Found a staircase to the Lair.
 10955 | D:9      | Killed from afar by an electric eel

Skill      XL: |  1  2  3  4  5  6  7  8  9 10 11 12 |
---------------+-------------------------------------+-----
Dodging        | 1 3 |  3.7
Armour         | 3 4 5 7 8 |  8.3
Fighting       | 4 5 7 8 |  8.4
Polearms       | 4 5 6 7 |  7.2
Shields        | 1 3 4 6 7 8 |  8.2
Staves         | 3 6 7 9 |  9.8
Stealth        | 4 |  4.3
Unarmed Combat | 3 |  3.0
Spellcasting   | 3 |  3.4
Hexes          | 3 |  3.6
Invocations    | 4 |  4.6
Evocations     | 3 |  3.2

Action                   |  1- 3 |  4- 6 |  7- 9 | 10-12 || total
-------------------------+-------+-------+-------+-------++-------
Melee: Spear             |   190 |   143 |   103 |       ||   436
       Unarmed           |       |       |     9 |       ||     9
       Lajatang          |       |       |   231 |   502 ||   733
Invok: Depart the Abyss  |     1 |       |       |       ||     1
       Bend Space        |       |       |       |     8 ||     8
 Abil: Dig               |     1 |       |       |       ||     1
  Use: Potion            |     3 |     2 |     6 |       ||    11
       Scroll            |     6 |     3 |     6 |     3 ||    18
 Stab: Invisible         |       |       |     1 |       ||     1
  Eat: Ration            |     2 |       |       |     2 ||     4
       Chunk             |       |       |    10 |    11 ||    21
Armor: Leather armour    |    54 |       |       |       ||    54
       Plate armour      |    40 |    45 |   173 |     7 ||   265
       Skin              |       |       |     1 |       ||     1
       Chain mail        |       |       |       |   154 ||   154
Dodge: Dodged            |    82 |    14 |    55 |   123 ||   274
Block: Shield            |    48 |    39 |   176 |   243 ||   506
